 Dungeon Crawl Stone Soup version 0.27.1-1-g398f81649c (webtiles) character file.

Game seed: 12216091930433117408

2966 H0rd4k the Martial Artist (level 9, -2/55 HPs)
             Began as an Octopode Transmuter on Sept 22, 2021.
             Slain by a gargoyle (15 damage)
             ... on level 7 of the Dungeon.
             The game lasted 00:13:19 (10324 turns).

H0rd4k the Martial Artist (Octopode Transmuter)    Turns: 10324, Time: 00:13:20

Health: -2/55      AC:  2    Str:  9    XL:     9   Next: 82%
Magic:  13/17      EV: 21    Int: 18    God:
Gold:   238        SH:  0    Dex: 18    Spells: 5/19 levels left

rFire    . . .     SeeInvis .     - Unarmed
rCold    + . .     Faith    .   (shield currently unavailable)
rNeg     . . .     Spirit   .   (helmet currently unavailable)
rPois    x         Reflect  .   (no amulet)
rElec    .         Harm     .   o - ring of protection from cold
rCorr    .         Rampage  .   (no ring)
Will     .....                  (no ring)
Stlth    ++........             (no ring)
HPRegen  0.18/turn              (no ring)
MPRegen  0.15/turn              (no ring)
                                (no ring)
                                (no ring)

@: spider-form
A: venomous fangs, almost no armour, (amphibious), 8 rings, tiny, (camouflage
1), (gelatinous body 1), (nimble swimmer 1), (tentacles)
a: End Transformation


You were on level 7 of the Dungeon.
You were a venomous arachnid creature.
You visited 1 branch of the dungeon, and saw 7 of its levels.

You collected 238 gold pieces.

Inventory:

Missiles
 j - 43 poisoned darts
Magical Staves
 d - a staff of death
Jewellery
 o - a ring of protection from cold (left front leg)
 t - a ring of protection from fire
Wands
 e - a wand of polymorph (2)
 f - a wand of flame (28)
 l - a wand of iceblast (10)
 u - a wand of charming (3)
Scrolls
 a - a scroll of torment
 b - 2 scrolls of teleportation
 c - a scroll of fear
 i - a scroll of brand weapon
 k - a scroll of noise
 m - 2 scrolls of enchant armour
 p - a scroll of vulnerability
 r - 2 scrolls of identify
Potions
 g - 3 potions of attraction
 h - a potion of haste
 n - 3 potions of cancellation
 q - a potion of might {unknown}
 s - a potion of lignification {unknown}
 v - 2 potions of curing


   Skills:
 + Level 2.4 Fighting
 + Level 4.2 Dodging
 + Level 8.4 Unarmed Combat
 * Level 5.6 Spellcasting
 * Level 5.6 Transmutations
 * Level 3.0 Ice Magic
 + Level 5.0 Poison Magic
 + Level 0.8 Evocations


You had 5 spell levels left.
You knew the following spells:

 Your Spells              Type           Power      Damage    Failure   Level
a - Beastly Appendage     Tmut           50%        N/A       6%          1
b - Spider Form           Tmut/Pois      12%        N/A       13%         3
c - Eringya's Noxious Bo  Tmut/Pois      12%        N/A       98%         6
d - Ice Form              Ice/Tmut       20%        N/A       41%         4

Your spell library contained the following spells:

 Spells                   Type           Power      Damage    Failure   Level
 Wereblood                Tmut           25%        N/A       8%          2
 Stone Arrow              Conj/Erth      10%        3d7       58%         3
 Alistair's Intoxication  Tmut/Pois      16%        N/A       58%         5
 Bolt of Magma            Conj/Fire/Erth 2%         4d4       99%         5
 Borgnjor's Vile Clutch   Necr/Erth      2%         N/A       99%         5
 Fireball                 Conj/Fire      2%         3d4       99%         5
 Starburst                Conj/Fire      2%         6d3       100%        6
 Ignition                 Fire           2%         3d3       100%        8
 Shatter                  Erth           2%         3d6*      100%        9


Dungeon Overview and Level Annotations

Branches:
Dungeon (7/15)
 Temple: D:4-7

Altars:
Sif Muna
Yredelemnul
The Shining One

Annotations:
D:1 exclusion: downstairs
D:4 exclusion: downstairs
D:5 exclusion: ice beast


Innate Abilities, Weirdness & Mutations

You are a venomous arachnid creature.
You have poisonous fangs.
You are tiny and dextrous.
Your spellcasting is less reliable in this form.
Your armour is entirely melded.
You are incapable of wielding weapons or throwing items.
You cannot wear most types of armour.
((You are amphibious.))
You can wear up to eight rings at the same time.
((Your skin changes colour to match your surroundings (Stealth+).))
((Your rubbery body absorbs attacks. (AC +1, EV +1)))
((You are camouflaged near water. (Stealth+)))
((You have tentacles for arms and can constrict up to eight enemies at once.))


Message History

You hit the gargoyle but do no damage. You hit the gargoyle but do no damage.
The gargoyle barely misses you.
You hit the gargoyle.
The gargoyle is lightly damaged.
The gargoyle hurls a stone arrow at you.
The stone arrow hits you!!
Ouch! That really hurt!
You hit the gargoyle but do no damage.
The gargoyle is lightly damaged.
The gargoyle barely misses you.
You bite the gargoyle!
The gargoyle is moderately damaged.
The gargoyle barely misses you.
You hit the gargoyle but do no damage.
The gargoyle is moderately damaged.
The gargoyle hurls a stone arrow at you.
The stone arrow misses you.
You hit the gargoyle but do no damage.
The gargoyle is moderately damaged.
The gargoyle completely misses you.
You hit the gargoyle but do no damage.
The gargoyle is moderately damaged.
The gargoyle completely misses you.
Your magical contamination has completely faded away.
You hit the gargoyle but do no damage.
The gargoyle is moderately damaged.
You hit the gargoyle.
The gargoyle is heavily damaged.
The gargoyle hits you with a +1 mace of protection.
You hit the gargoyle but do no damage.
The gargoyle is heavily damaged.
The gargoyle misses you.
You hit the gargoyle but do no damage.
The gargoyle is heavily damaged.
The gargoyle hits you with a +1 mace of protection!
* * * LOW HITPOINT WARNING * * *
You hit the gargoyle but do no damage.
The gargoyle is heavily damaged.
The gargoyle hits you with a +1 mace of protection!
You die...

#......##.##.# #.###
####...##.##.# #...#
#####..##....#####.#
..##..###..#......##
.......#..........##
#..##.............#
#<..#..............
#.#...#...........#
#.s...............#
.......9#####..........#
..###..## ##........##
#.# ##.......... ...
#........... ....
#.<.........
.....#######..........#
..................)....
.....######..........#


You could see a gargoyle.

Vanquished Creatures
  Pikel (D:4)
  Grinder (D:3)
  Prince Ribbit (D:6)
  Sigmund (D:3)
  Edmund (D:4)
  Duvessa (D:4)
  A water moccasin (D:6)
  An ice beast (D:6)
  2 sky beasts
  2 ogres (D:5)
  2 centaurs (D:7)
  Blork the orc (D:4)
  2 scorpions (D:6)
  Dowan (D:4)
  A bullfrog zombie (D:5)
  4 hounds
  2 jellies
  2 orc priests (D:3)
  A gnoll shaman (D:2)
  Terence (D:3)
  Ijyb (D:4)
  Natasha (thrice) (D:3)
  4 orc wizards
  2 hound skeletons
  Robin (D:2)
  A howler monkey skeleton (D:5)
  3 gnolls (D:6)
  9 adders
  A shadow imp (D:6)
  2 white imps
  An ufetubus (D:4)
  An adder skeleton (D:4)
  3 worms
  3 dart slugs
  5 orcs
  A bat (D:2)
  7 endoplasms
  2 giant cockroaches
  13 goblins
  9 hobgoblins
  4 quokkas
  9 ball pythons
  4 frilled lizards
  4 kobolds
  5 rats
127 creatures vanquished.

Vanquished Creatures (others)
  4 fungi (D:5)
4 creatures vanquished.

Grand Total: 131 creatures vanquished

Notes
Turn   | Place    | Note
-------+----------+-------------------------------------------
     0 | D:1      | H0rd4k the Octopode Transmuter began the quest for the Orb.
     0 | D:1      | Reached XP level 1. HP: 13/13 MP: 3/3
   235 | D:1      | Reached XP level 2. HP: 18/18 MP: 5/5
   376 | D:1      | Found a faded altar of an unknown god.
  1015 | D:2      | Reached XP level 3. HP: 9/23 MP: 4/6
  1286 | D:1      | Learned a level 3 spell: Spider Form
  1653 | D:2      | Noticed Robin
  1983 | D:2      | Killed Robin
  1984 | D:2      | Reached XP level 4. HP: 4/28 MP: 4/7
  2440 | D:2      | Reached skill level 4 in Unarmed Combat
  2636 | D:2      | HP: 1/28 [worm (6)]
  3397 | D:3      | Reached skill level 1 in Poison Magic
  3538 | D:3      | Found a shimmering blue altar of Sif Muna.
  3539 | D:3      | Noticed Grinder
  3542 | D:3      | Noticed Natasha
  3549 | D:2      | Reached XP level 5. HP: 19/33 MP: 9/9
  3740 | D:3      | Noticed Sigmund
  3748 | D:3      | Killed Sigmund
  3749 | D:3      | Reached XP level 6. HP: 31/38 MP: 6/10
  3854 | D:3      | Reached skill level 5 in Unarmed Combat
  4075 | D:3      | Noticed Terence
  4089 | D:3      | Killed Terence
  4248 | D:3      | Found a basalt altar of Yredelemnul.
  4624 | D:4      | Noticed Edmund
  4645 | D:4      | Killed Edmund
  4646 | D:4      | Reached XP level 7. HP: 31/43 MP: 9/12
  4838 | D:4      | Noticed Blork the orc
  4853 | D:4      | Killed Blork the orc
  5039 | D:4      | Noticed Pikel
  5052 | D:4      | Killed Pikel
  5053 | D:4      | Reached skill level 6 in Unarmed Combat
  5053 | D:4      | Reached XP level 8. HP: 25/48 MP: 7/14
  5308 | D:4      | Noticed Ijyb
  5319 | D:4      | Killed Ijyb
  5392 | D:4      | Noticed Duvessa
  5392 | D:4      | Noticed Dowan
  5408 | D:4      | HP: 2/48 [Duvessa (9)]
  5414 | D:4      | Killed Duvessa
  5441 | D:5      | Entered Level 5 of the Dungeon
  5726 | D:4      | Killed Dowan
  5987 | D:4      | Reached skill level 7 in Unarmed Combat
  6225 | D:4      | Learned a level 6 spell: Eringya's Noxious Bog
  6334 | D:5      | Learned a level 4 spell: Ice Form
  7148 | D:6      | Reached skill level 1 in Ice Magic
  7180 | D:6      | Reached XP level 9. HP: 35/54 MP: 11/16
  7969 | D:6      | Reached skill level 5 in Transmutations
  8257 | D:6      | Found a glowing golden altar of the Shining One.
  8415 | D:6      | Reached skill level 5 in Spellcasting
  8708 | D:6      | Noticed Prince Ribbit
  8720 | D:6      | Killed Prince Ribbit
  8721 | D:6      | Reached skill level 8 in Unarmed Combat
  9267 | D:3      | Paralysed by Grinder for 5 turns
  9278 | D:3      | Killed Grinder
  9557 | D:3      | Killed Natasha
  9766 | D:3      | Noticed Natasha
  9773 | D:3      | Killed Natasha
  9809 | D:3      | Noticed Natasha
  9814 | D:3      | Killed Natasha
 10161 | D:7      | Reached skill level 5 in Poison Magic
 10308 | D:7      | Noticed a gargoyle
 10324 | D:7      | Slain by a gargoyle

Illustrated notes

Levels and vault maps discovered:
D:1:      scummos_arrival_star, layout_basic, shapermc_ecumenical_altar_venn,
          fountainhead
D:2:      layout_loops_ring, grunt_decor_fettered, minmay_quadrilaterals,
          uniq_robin
D:3:      layout_rooms, mainiacjoe_overflow_concentric_impassable,
          general_overflow_altar, minmay_between, uniq_sigmund, uniq_terence,
          uniq_grinder, uniq_natasha
D:4:      layout_loops_ring, uniq_blork_the_orc, uniq_ijyb, uniq_edmund,
          uniq_pikel, uniq_duvessa
D:5:      layout_basic, serial_aquarium, aquarium_bridge_long_joined
          [aquarium_subvault_wall, aquarium_subvault_wall,
          aquarium_subvault_window, aquarium_subvault_bridge,
          aquarium_subvault_wall, aquarium_subvault_bridge], aquarium_window_1,
          aquarium_window_3, aquarium_window_1, aquarium_view_2e,
          aquarium_pool_2, amcnicky_mini_pool_small
D:6:      layout_rooms, lemuel_doored_altar, uniq_prince_ribbit1
D:7:      layout_rooms, temple_hall

Skill      XL: |  1  2  3  4  5  6  7  8  9 |
---------------+----------------------------+-----
Unarmed Combat | 4 5 6 7 8 |  8.4
Poison Magic   | 1 2 3 4 5 |  5.0
Spellcasting   | 3 4 5 |  5.6
Transmutations | 3 4 5 |  5.6
Dodging        | 3 4 |  4.2
Ice Magic      | 1 3 |  3.0
Fighting       | 2 |  2.4
Evocations     | |  0.8

Action                   |  1- 3 |  4- 6 |  7- 9 || total
-------------------------+-------+-------+-------++-------
Melee: Unarmed           |    75 |   131 |   226 ||   432
       Tentacles         |    16 |    12 |    11 ||    39
       Constrict         |    15 |    12 |    11 ||    38
       Punch             |     2 |       |     4 ||     6
 Cast: Beastly Appendage |     1 |       |       ||     1
       Spider Form       |     1 |    14 |    26 ||    41
       Ice Form          |       |       |     2 ||     2
Evoke: Wand              |       |       |     8 ||     8
  Use: Scroll            |       |       |     9 ||     9
       Potion            |       |       |     3 ||     3
 Stab: Sleeping          |     4 |     7 |     3 ||    14
       Distracted        |       |     1 |       ||     1
Armor: Skin              |     4 |     6 |    17 ||    27
Dodge: Dodged            |    47 |    81 |   134 ||   262
